Map: Pillars of Gold LE

Players

HeroMarine

  • Race: Terran Terran
  • League: Master
  • Spawn Location: 7:00

PtitDrogo - Winner!

  • Race: Protoss Protoss
  • League: Master
  • Spawn Location: 1:00

Event: DreamHack SC2 Masters 2020 Summer Europe

VOD

Have the link to the VOD?

Description

Time

  • Played on: July 10, 2020, 10:53 a.m.
  • Length: 12:16

All games in this series

Show
View Real Time Build Order
Export as new Build Order

HeroMarine Terran 

Build Orders: Reaper Expand 

Get SALT Encoding   

  12  0:00  SCV  
  13  0:13  SCV  
  14  0:18  Supply Depot  
  14  0:25  SCV  
  15  0:39  SCV  
  15  0:41  Barracks  
  16  0:45  Refinery  
  16  0:51  SCV  
  17  1:03  SCV  
  18  1:16  SCV  
  19  1:29  Orbital Command, Reaper  
  20  1:45  Command Center  
  21  1:54  SCV  
  21  1:58  Supply Depot  
  21  2:02  Marine  
  21  2:06  SCV  
  23  2:14  Factory  
  23  2:20  SCV  
  24  2:25  Bunker  
  24  2:27  Barracks Reactor  
  24  2:32  SCV  
  25  2:41  Refinery  
  25  2:44  SCV  
  26  2:56  SCV  
  27  2:59  Orbital Command  
  27  3:01  Hellion  
  27  3:04  Marine x2  
  31  3:11  Starport  
  31  3:14  SCV  
  32  3:22  Hellion  
  32  3:25  SCV  
  32  3:26  SCV  
  36  3:33  Marine x2  
  38  3:37  Supply Depot, SCV  
  38  3:38  SCV  
  40  3:44  Hellion  
  40  3:48  Medivac  
  44  3:50  SCV x2  
  46  3:58  Marine x2  
  46  3:59  Supply Depot  
  46  4:02  SCV  
  49  4:03  SCV  
  49  4:07  Factory Tech Lab  
  50  4:14  SCV  
  50  4:15  SCV  
  50  4:16  Marine x2  
  54  4:17  Barracks  
  54  4:18  Starport Tech Lab  
  54  4:26  SCV  
  54  4:27  SCV  
  54  4:30  Siege Tank, Barracks  
  58  4:32  Refinery  
  58  4:34  Engineering Bay  
  58  4:38  SCV  
  59  4:39  SCV  
  59  4:41  Raven  
  62  5:06  Barracks Tech Lab  
  62  5:08  Refinery  
  62  5:09  Supply Depot  
  62  5:11  Marine x2, SCV x2  
  66  5:15  Siege Tank  
  66  5:19  Terran Infantry Weapons Level 1, Supply Depot  
  67  5:23  SCV x2  
  67  5:25  Stimpack  
  69  5:29  Marine  
  69  5:30  Marine  
  69  5:31  Marine  
  69  5:35  SCV x2  
  74  5:38  Marine  
  74  5:39  Combat Shield  
  74  5:42  Starport Reactor  
  73  5:43  Supply Depot  
  73  5:46  Marine  
  73  5:48  Marine x2  
  76  5:54  Siege Tank  
  80  6:02  Marauder  
  81  6:05  Supply Depot  
  81  6:07  Marauder, Marine x2  
  85  6:17  Supply Depot, Command Center  
  87  6:19  Medivac  
  87  6:20  Medivac  
  87  6:22  SCV x2  
  87  6:24  Marauder  
  93  6:27  Marine  
  93  6:28  Marauder, Marine  
  96  6:34  Siege Tank  
  96  6:35  SCV x2  
  101  6:45  Marauder  
  103  6:47  Marine x2  
  103  6:49  Marauder, SCV x2  
  107  6:57  Medivac  
  109  7:02  Medivac  
  109  7:03  Barracks  
  109  7:05  Barracks  
  109  7:06  Marine x2  
  109  7:07  Marauder  
  115  7:11  Marauder  
  115  7:13  SCV  
  115  7:14  Terran Infantry Armor Level 1  
  115  7:15  Supply Depot  
  118  7:16  Concussive Shells  
  118  7:18  SCV  
  119  7:24  Supply Depot  
  119  7:25  SCV  
  119  7:27  Marine x2  
  119  7:28  Marauder  
  124  7:30  SCV  
  124  7:34  Orbital Command  
  125  7:39  SCV  
  125  7:42  SCV, Factory Reactor  
  127  7:50  Marauder x2  
  127  7:51  Viking  
  133  7:53  Viking  
  133  7:55  SCV x2  
  137  8:04  Marine x2  
  124  8:08  Orbital Command  
  124  8:09  SCV x2  
  124  8:10  Barracks Reactor  
  124  8:11  Marauder  
  125  8:21  SCV x2  
  125  8:23  Widow Mine x2  
  125  8:24  Medivac  
  125  8:26  Refinery, Medivac  
  135  8:28  Refinery  
  135  8:33  SCV x2  
  137  8:40  Marauder  
  137  8:41  Marauder  
  138  8:43  SCV  
  138  8:45  SCV  
  137  8:51  Ghost Academy, SCV  
  137  8:52  Starport  
  137  8:55  SCV  
  139  8:56  Armory  
  139  9:07  Viking x2  
  139  9:09  Marauder x2  
  147  9:13  Marauder  
  147  9:16  Marine x4  
  153  9:23  Supply Depot x2, Enhanced Shockwaves  
  153  9:31  Ghost x2  
  153  9:32  Missile Turret  
  153  9:33  Ghost  
  153  9:35  Viking  
  161  9:39  Viking  
  161  9:43  Viking  
  163  9:47  Viking  
  164  9:53  Marine x4  
  168  10:08  Viking  
  168  10:09  Viking  
  168  10:10  Marauder x3  
  168  10:11  Marine x3  
  168  10:12  Marine  
  181  10:19  Supply Depot  
  181  10:20  Supply Depot, Viking  
  180  10:29  SCV x3  
  180  10:34  Marauder x3, Marine x2  
  188  10:41  Marine x2  
  189  10:48  Viking  
  189  10:49  Viking  
  193  10:53  Viking  
  193  10:55  Marauder  
  197  11:02  Marine x2  
  195  11:14  Marauder  
  195  11:15  Marine x2  
  195  11:18  Marauder, Marine  
  151  11:19  Marine  
  151  11:20  Marine  
  92  11:33  Marine x2  
  92  11:36  Marauder, Marine  
  92  11:37  Marine  
  92  11:38  Marine  
  92  11:39  Marine  
  57  11:52  SCV x3  
  57  11:54  Marine x2  
  58  11:57  Marine  
  47  12:04  SCV  
Show
View Real Time Build Order
Export as new Build Order

PtitDrogo Protoss - Winner!

Build Orders: 1 Gate Expand, Blink Stalkers, Zealot Archon 

Get SALT Encoding   

  12  0:00  Probe  
  13  0:12  Probe  
  14  0:17  Pylon  
  14  0:25  Probe  
  15  0:33  Probe  
  15  0:36  Gateway  
  15  0:41  Probe  
  16  0:47  Assimilator  
  17  0:51  Probe  
  18  1:03  Probe  
  19  1:15  Probe  
  20  1:23  Cybernetics Core  
  20  1:34  Nexus  
  20  1:42  Pylon  
  20  1:45  Probe  
  21  1:49  Assimilator  
  21  1:50  Adept  
  21  1:57  Probe  
  24  2:08  Shield Battery  
  24  2:10  Probe  
  24  2:11  Stalker  
  24  2:14  Warp Gate  
  27  2:28  Probe  
  28  2:35  Twilight Council  
  28  2:42  Probe  
  28  2:46  Probe  
  28  2:50  Probe  
  31  2:58  Probe  
  31  3:00  Probe  
  33  3:08  Probe  
  33  3:10  Robotics Facility  
  34  3:13  Probe  
  34  3:14  Blink  
  34  3:16  Probe  
  35  3:25  Probe x2  
  37  3:32  Gateway  
  38  3:36  Gateway  
  38  3:37  Probe  
  39  3:42  Probe  
  39  3:46  Pylon  
  40  3:49  Probe  
  40  3:50  Observer  
  40  3:54  Probe  
  42  4:00  Assimilator  
  42  4:01  Assimilator, Probe  
  44  4:03  Stalker  
  44  4:06  Probe  
  44  4:08  Observer  
  47  4:14  Probe  
  49  4:17  Pylon  
  49  4:18  Probe  
  50  4:27  Stalker x2  
  54  4:35  Probe x2  
  54  4:37  Nexus  
  56  4:46  Pylon  
  56  4:47  Probe  
  56  4:51  Stalker x2  
  56  5:01  Probe  
  56  5:06  Stalker  
  59  5:07  Probe  
  59  5:13  Probe  
  61  5:19  Probe  
  62  5:25  Observer, Probe  
  62  5:26  Robotics Bay  
  62  5:27  Forge  
  63  5:31  Probe  
  63  5:34  Probe  
  64  5:38  Charge  
  64  5:39  Probe  
  65  5:43  Sentry, Probe  
  65  5:47  Probe  
  65  5:49  Probe  
  69  5:51  Probe  
  72  5:57  Probe  
  72  5:58  Probe  
  72  6:00  Shield Battery  
  72  6:01  Protoss Ground Weapons Level 1  
  72  6:04  Probe  
  75  6:05  Probe  
  75  6:08  Colossus  
  75  6:09  Gateway x2  
  75  6:10  Probe  
  77  6:12  Gateway  
  77  6:16  Templar Archives  
  77  6:19  Probe x2  
  85  6:35  Pylon  
  85  6:37  Probe  
  85  6:41  Probe  
  85  6:43  Probe  
  85  6:51  Colossus  
  85  6:52  Probe  
  85  6:53  Probe  
  86  6:58  Gateway  
  86  6:59  Gateway  
  86  7:00  Pylon  
  86  7:01  Pylon  
  86  7:06  Pylon  
  86  7:07  Probe  
  86  7:08  Pylon  
  93  7:13  Assimilator  
  93  7:15  Pylon  
  93  7:17  Assimilator, Pylon  
  93  7:20  Shield Battery, High Templar x3  
  93  7:21  Zealot x3  
  103  7:26  Archon  
  101  7:40  Colossus  
  101  7:42  Zealot x2  
  105  7:45  Zealot  
  113  7:52  Zealot x4  
  113  7:53  Zealot  
  113  7:55  Probe  
  94  8:06  Stalker x3  
  94  8:12  High Templar  
  94  8:13  High Templar  
  94  8:14  Zealot x2  
  94  8:15  High Templar  
  94  8:16  Probe x2  
  94  8:17  Probe  
  94  8:19  Archon  
  107  8:20  Archon  
  107  8:25  Gateway  
  107  8:26  Gateway  
  107  8:27  Protoss Ground Armor Level 1  
  107  8:28  Probe  
  107  8:29  Stalker x2  
  107  8:30  Stalker  
  114  8:38  Zealot x2  
  114  8:47  Warp Prism  
  112  9:00  Nexus  
  112  9:02  Sentry, Pylon  
  116  9:03  Assimilator  
  116  9:08  Assimilator  
  116  9:14  High Templar  
  116  9:15  High Templar x3, Zealot x3  
  130  9:19  Archon x2  
  130  9:35  Stalker, High Templar x2  
  130  9:36  Zealot x3  
  142  9:39  Pylon  
  142  9:40  Archon  
  142  9:42  Pylon  
  142  9:43  Pylon  
  142  9:50  Zealot x3  
  148  9:58  Pylon  
  148  9:59  Zealot  
  150  10:01  Immortal  
  150  10:02  Stalker x4  
  158  10:08  Probe x2  
  158  10:09  Probe  
  165  10:27  Zealot x6  
  175  10:31  Immortal  
  175  10:33  High Templar x4  
  175  10:34  Zealot x5  
  177  10:35  Probe  
  177  10:38  Archon x2  
  177  10:45  Stalker  
  179  11:02  Zealot x4  
  187  11:05  Zealot x2  
  187  11:06  Zealot x2  
  193  11:14  Zealot x2  
  155  11:23  Zealot x4  
  137  11:29  Zealot  
  137  11:30  Zealot x3  
  119  11:39  Stalker x2  
  108  11:45  Stalker x3  
  114  11:47  Probe  
  106  12:15  Pylon  
Tags
 
Add a new tag
Caveats
  • Supply blocks, unpowered buildings, or Contaminate may cause inaccurate times.
  • Supply counts are checked every 10 seconds.